 Dungeon Crawl Stone Soup version 0.24.0-29-g8ce449bc06 (webtiles) character file.

Game seed: 3088559126276082561, levelgen mode: deterministic

123 Flugslaktarn the Chopper (level 5, -1/47 HPs)
             Began as a Hill Orc Fighter on Nov 14, 2019.
             Slain by a worm (5 damage)
             ... on level 3 of the Dungeon.
             The game lasted 00:00:49 (2290 turns).

Flugslaktarn the Chopper (Hill Orc Fighter)         Turns: 2290, Time: 00:00:49

Health: -1/47      AC:  7    Str: 20    XL:     5   Next: 7%
Magic:  5/5        EV:  7    Int:  8    God:
Gold:   114        SH:  9    Dex: 10    Spells: 4/4 levels left

rFire    . . .     SeeInvis .   a - +0 war axe
rCold    . . .     Gourm    .   c - +0 shield
rNeg     . . .     Faith    .   b - +0 scale mail
rPois    .         Spirit   .   (no helmet)
rElec    .         Reflect  .   (no cloak)
rCorr    .         Harm     .   (no gloves)
MR       .....                  (no boots)
Stlth    ..........             (no amulet)
HPRegen  0.15/turn              (no ring)
MPRegen  0.09/turn              (no ring)

@: lightly drained
A: no striking features
a: no special abilities


You were on level 3 of the Dungeon.
You were hungry.

You visited 1 branch of the dungeon, and saw 3 of its levels.

You collected 114 gold pieces.

Inventory:

Hand Weapons
 a - a +0 war axe (weapon)
Armour
 b - a +0 scale mail (worn)
 c - a +0 shield (worn)
 n - a +2 hat
   (You found it on level 3 of the Dungeon)
Jewellery
 v - a +3 ring of evasion
   (You took it off a goblin on level 2 of the Dungeon)
Wands
 o - a wand of iceblast (8)
   (You found it on level 2 of the Dungeon)
Scrolls
 f - a scroll of fog {unknown}
 h - 3 scrolls of teleportation {unknown}
 l - a scroll of remove curse {unknown}
 m - a scroll of fear {unknown}
 q - a scroll of amnesia {unknown}
Potions
 d - a potion of might
 g - 2 potions of brilliance {unknown}
 i - a potion of agility {unknown}
 j - a potion of resistance {unknown}
 k - a potion of curing {unknown}
 p - a potion of cancellation {unknown}
Comestibles
 e - 2 rations


   Skills:
 + Level 4.4 Fighting
 * Level 4.7(4.6) Axes
 + Level 4.0(3.9) Armour
 + Level 4.0(3.9) Shields


You had 4 spell levels left.
You didn't know any spells.
Your spell library was empty.

Dungeon Overview and Level Annotations

Branches:
Dungeon (3/15)

Altars:


Message History

You are too injured to fight recklessly!
You are too injured to fight recklessly!
You are too injured to fight recklessly!
You are too injured to fight recklessly!
You barely miss Natasha.
Natasha is moderately wounded.
You slash the iron imp! You barely miss the worm. You block Natasha's attack.
The worm closely misses you. The iron imp hits you!
* * * LOW HITPOINT WARNING * * *
You slash Natasha!
You kill Natasha!
Natasha yowls pathetically as she dies!
The iron imp disappears in a puff of smoke!
Your base Armour skill increases to level 4!
Your base Shields skill increases to level 4!
You have reached level 5!
You feel stronger.
Your shield and scale mail prevent you from hitting the worm.
The worm bites you.
You die...

...###+## ......... ..
......... ...
.......!####...
...............
...............
#........§†w...#
#.........@....# .
..............####.. ##.#
#.....##...##..$...
...#.#.....##...........
.....#......#.##......#
............#.#........
.............(......#####
#..............(.........
.......<.........##...#


You could see a worm.

Vanquished Creatures
  Natasha (D:3)
  4 adders
  A gnoll (D:1)
  2 leopard geckos
  4 ball pythons
  3 giant cockroaches (D:2)
  3 goblins
  4 hobgoblins
  4 jackals (D:1)
  6 bats
  3 frilled lizards
  11 kobolds
  4 rats
50 creatures vanquished.

Notes
Turn   | Place    | Note
-------+----------+-------------------------------------------
     0 | D:1      | Flugslaktarn the Hill Orc Fighter began the quest for the
                  | Orb.
     0 | D:1      | Reached XP level 1. HP: 19/19 MP: 1/1
   289 | D:1      | Reached XP level 2. HP: 18/27 MP: 2/2
   550 | D:1      | Reached XP level 3. HP: 7/33 MP: 3/3
  1491 | D:2      | Reached XP level 4. HP: 37/40 MP: 4/4
  2281 | D:3      | Noticed Natasha
  2290 | D:3      | Killed Natasha
  2290 | D:3      | Reached XP level 5. HP: 4/47 MP: 5/5
  2290 | D:3      | Slain by a worm

Levels and vault maps discovered:
D:1:      dpeg_arrival_chambers_temple_mockup, layout_basic
D:2:      layout_basic, nrook_loot_triangle, minmay_shallow_snake_nest
D:3:      layout_basic, grunt_temple_overflow_gold_and_silver, first_ration,
          hangedman_abyss_or_decor_stabs, uniq_natasha

Skill      XL: |  1  2  3  4 |
---------------+-------------+-----
Axes           | 3 4 |  4.7
Fighting       | 4 |  4.4
Armour         | 4 |  4.0
Shields        | 4 |  4.0

Action                   |  1- 3 |  4- 6 || total
-------------------------+-------+-------++-------
Melee: War axe           |    98 |    74 ||   172
  Eat: Chunk             |     2 |     2 ||     4
Armor: Scale mail        |    48 |    33 ||    81
Dodge: Dodged            |    35 |    34 ||    69
Block: Shield            |    40 |    46 ||    86
